 Dungeon Crawl Stone Soup version 0.28.0-53-g5a82cb258f (webtiles) character file.

Game seed: 923377689463409274

1257 Peloso the Carver (level 8, -9/68 (70) HPs)
             Began as a Minotaur Fighter on June 15, 2022.
             Was a Follower of Okawaru.
             Mangled by an orc warrior
             ... wielding a +0 war axe
              (18 damage)
             ... on level 6 of the Dungeon.
             The game lasted 00:08:10 (5683 turns).

Peloso the Carver (Minotaur Fighter)                Turns: 5683, Time: 00:08:10

HP:   -9/68 (70)    AC:  7    Str: 20    XL:     8   Next: 26%
MP:   7/7           EV: 10    Int:  5    God:    Okawaru [*.....]
Gold: 135           SH:  0    Dex: 13    Spells: 7/7 levels left

rFire   . . .      SeeInvis .   a - +4 long sword
rCold   . . .      Faith    .   c - +0 buckler
rNeg    . . .      Spirit   .   b - +0 scale mail
rPois   .          Reflect  .   (helmet restricted)
rElec   .          Harm     .   (no cloak)
rCorr   .          Rampage  .   (no gloves)
Will    .....                   (no boots)
Stlth   ..........              (no amulet)
HPRegen 0.21/turn               (no ring)
MPRegen 0.10/turn               (no ring)

@: confused, lightly drained
A: horns 2, retaliatory headbutt
a: Renounce Religion, Heroism


You were on level 6 of the Dungeon.
You worshipped Okawaru.
Okawaru was aware of your devotion.
You visited 2 branches of the dungeon, and saw 7 of its levels.

You collected 300 gold pieces.
You spent 165 gold pieces at shops.

Inventory:

Hand Weapons
 a - a +4 long sword (weapon)
Armour
 b - a +0 scale mail (worn)
 c - a +0 buckler (worn)
Jewellery
 f - a ring of poison resistance
Wands
 n - a wand of paralysis (11)
 p - a wand of digging (5)
Scrolls
 h - a scroll of noise
 q - a scroll of summoning {unknown}
Potions
 d - a potion of might
 e - 3 potions of haste
 g - 2 potions of heal wounds
 i - 2 potions of ambrosia {unknown}
 j - 2 potions of curing
 k - 3 potions of mutation {unknown}
 l - a potion of invisibility {unknown}
 m - 2 potions of brilliance {unknown}
 r - a potion of lignification {unknown}


   Skills:
 + Level 6.1 Fighting
 + Level 8.0 Long Blades
 + Level 6.8 Armour
 + Level 3.0 Dodging
 + Level 0.8 Stealth
 + Level 4.9 Shields


You had 7 spell levels left.
You didn't know any spells.
Your spell library contained the following spells:

 Spells                   Type           Power      Damage    Failure   Level
 Pain                     Necr           0%         1d4       87%         1
 Sublimation of Blood     Necr           0%         N/A       95%         2
 Ignite Poison            Fire/Tmut/Pois 0%         N/A       99%         3
 Mephitic Cloud           Conj/Pois/Air  0%         N/A       99%         3
 Petrify                  Tmut/Erth      0%         N/A       100%        4
 Agony                    Necr           0%         N/A       100%        5
 Excruciating Wounds      Necr           0%         N/A       100%        5
 Freezing Cloud           Conj/Ice/Air   0%         6-21      100%        5
 Irradiate                Conj/Tmut      0%         3d13      100%        5


Dungeon Overview and Level Annotations

Branches:
Dungeon (6/15)             Temple (1/1) D:4

Altars:
Cheibriados
Elyvilon
Fedhas
Gozag
Hepliaklqana
Kikubaaqudgha
Makhleb
Nemelex Xobeh
Okawaru
Qazlal
Sif Muna
Trog
Xom
Yredelemnul
Zin
The Shining One

Shops:
D:3 *   D:4 *(!


Innate Abilities, Weirdness & Mutations

You have a pair of horns on your head.
You reflexively headbutt those who attack you in melee.


Message History

You hit the orc wizard. Your headbutt misses the orc wizard.
The orc wizard is lightly wounded.
The orc wizard hits you but does no damage.
You slash the orc wizard!
The orc wizard is heavily wounded.
The orc wizard gestures at you while chanting.
The magic dart hits you.
The orc warrior hits you with a +0 war axe.
The orc wizard completely misses you.
You're too confused to move!
The orc wizard hits you with a +0 dagger.
The orc warrior barely misses you. The orc wizard closely misses you.
You slash the orc wizard!
The orc wizard is severely wounded.
The orc wizard hits you but does no damage.
The orc warrior closely misses you. The orc wizard misses you.
Unknown command.
You hit the orc wizard.
You kill the orc wizard!
Okawaru accepts your kill.
The orc warrior hits you with a +0 war axe!
The orc wizard casts a spell at you.
You are more confused.
An orc comes into view. It is wielding a +0 club.
Your Long Blades skill increases to level 8!
You miss the orc wizard.
The orc wizard is heavily wounded.
The orc shouts!
The orc warrior closely misses you.
The orc wizard points at you and mumbles some strange words.
The puff of flame hits you!
The orc warrior hits you with a +0 war axe!
You're too confused to move!
The orc wizard hits you with a +0 dagger.
* * * LOW HITPOINT WARNING * * *
The orc warrior hits you with a +0 war axe!
* * * LOW HITPOINT WARNING * * *
You bump into the rock wall.
The orc wizard barely misses you.
The orc warrior hits you with a +0 war axe!!
You die...

..(.#...###'###..##..#
..).'....(...#.......##
##+###.......#........#
##..##..##...##..##...#
##......##...##..######
##..)....#......o.....#
......)..#.....).[...##
.........#.....oo##..#
##..##).##..###.@# ###
##'###..##..####'#
##...............+
.................#
....##..##..##..<#
##..##..######...##
##...#......+.....#
#....#......#.....#
#....#......#.....#


You could see an orc warrior, an orc wizard and an orc.

Vanquished Creatures
  2 ice beasts (D:6)
  An ogre (D:4)
  A centaur (D:5)
  A phantom (D:4)
  A bullfrog (D:6)
  3 scorpions
  3 wights (D:6)
  4 hounds
  A centaur skeleton (D:6)
  An orc priest (D:5)
  2 jellies
  2 iguanas (D:5)
  An orc wizard (D:6)
  3 gnolls
  5 adders
  5 dart slugs
  4 orcs
  6 endoplasms
  2 giant cockroaches (D:4)
  4 goblins
  5 hobgoblins
  3 quokkas
  18 ball pythons
  4 bats
  A frilled lizard (D:2)
  6 kobolds
  8 rats
97 creatures vanquished.

Vanquished Creatures (others)
  4 fungi (D:6)
  7 plants (D:4)
11 creatures vanquished.

Grand Total: 108 creatures vanquished

Notes
Turn   | Place    | Note
-------+----------+-------------------------------------------
     0 | D:1      | Peloso the Minotaur Fighter began the quest for the Orb.
     0 | D:1      | Reached XP level 1. HP: 19/19 MP: 0/0
   255 | D:1      | Found a faded altar of an unknown god.
   430 | D:1      | Reached XP level 2. HP: 27/27 MP: 1/1
  1255 | D:2      | Reached XP level 3. HP: 33/33 MP: 2/2
  1384 | D:2      | Reached skill level 1 in Dodging
  1453 | D:1      | Reached skill level 3 in Long Blades
  1669 | D:2      | Reached XP level 4. HP: 40/40 MP: 3/3
  2328 | D:3      | You fall into a shaft and drop 1 floor!
  2328 | D:4      | Noticed a phantom
  2338 | D:4      | Killed a phantom
  2339 | D:4      | Reached skill level 4 in Long Blades
  2339 | D:4      | Reached XP level 5. HP: 47/47 MP: 4/4
  2346 | D:4      | Noticed a rust devil
  2392 | D:4      | Noticed an ogre
  2404 | D:4      | Killed an ogre
  2405 | D:4      | Reached skill level 5 in Long Blades
  2405 | D:4      | Reached skill level 5 in Armour
  2411 | D:4      | Reached XP level 6. HP: 47/53 MP: 5/5
  2850 | D:3      | Found Girphav's Assorted Antiques.
  2856 | D:3      | Bought a scroll labelled RAKHOL DAYSETT for 24 gold pieces
  2856 | D:3      | Bought a scroll labelled WEDI PASOPN for 24 gold pieces
  2856 | D:3      | Bought a scroll labelled TASOLOMITH for 24 gold pieces
  2856 | D:3      | Bought a ruby potion for 21 gold pieces
  2856 | D:3      | Bought an inky potion for 21 gold pieces
  2856 | D:3      | Bought a metallic brown potion for 21 gold pieces
  3222 | D:4      | Found Noxehuta's Distillery.
  3230 | D:4      | Bought a potion of curing for 30 gold pieces
  3557 | D:4      | Found Niedefuc's Assorted Antiques.
  3628 | D:4      | Found Etzaiptyq's Antique Weapon Shop.
  3701 | D:4      | Noticed an angel
  3935 | D:4      | Found a staircase to the Ecumenical Temple.
  4082 | Temple   | Entered the Ecumenical Temple
  4227 | Temple   | Became a worshipper of Warmaster Okawaru
  4295 | D:5      | Entered Level 5 of the Dungeon
  4316 | D:5      | Reached skill level 5 in Fighting
  4415 | D:5      | Reached skill level 6 in Long Blades
  4415 | D:5      | Reached XP level 7. HP: 61/61 MP: 6/6
  4481 | D:5      | Noticed a kobold demonologist
  4484 | D:5      | Noticed a hellwing
  4663 | D:6      | Reached skill level 7 in Long Blades
  4864 | D:6      | Reached * piety under Okawaru
  4986 | D:6      | Reached XP level 8. HP: 33/70 MP: 7/7
  5680 | D:6      | Reached skill level 8 in Long Blades
  5683 | D:6      | Mangled by an orc warrior

Illustrated notes

Levels and vault maps discovered:
D:1:      minmay_arrival_nine_rooms, layout_loops_corners,
          nicolae_ecumenical_snake_handling
D:2:      minmay_evil_eye, layout_basic
D:3:      layout_loops_corners, serial_shops, shop
D:4:      layout_cave_pods, temple_garden, serial_shops, nicolae_stop_n_shop_1,
          nicolae_shop_crystal, nicolae_shop_waterfront,
          kennysheep_generic_room_10
D:5:      layout_basic, nicolae_wu_jian_glorious_leap,
          minmay_manual_mandibuliform
D:6:      layout_gridville, ebering_ghost_gozag, uniq_crazy_yiuf_cottage
Temple:   hc_temple_tempest_star

Skill      XL: |  1  2  3  4  5  6  7  8 |
---------------+-------------------------+-----
Shields        | 4 |  4.9
Armour         | 4 5 6 |  6.8
Dodging        | 1 2 3 |  3.0
Fighting       | 4 5 6 |  6.1
Long Blades    | 3 4 5 6 7 8 |  8.0
Stealth        | |  0.8

Action                   |  1- 3 |  4- 6 |  7- 9 || total
-------------------------+-------+-------+-------++-------
Melee: Long sword        |    72 |   116 |    84 ||   272
       Headbutt          |    15 |    21 |    18 ||    54
  Use: Scroll            |       |     6 |     3 ||     9
       Potion            |       |     1 |       ||     1
Armor: Scale mail        |    48 |    44 |    45 ||   137
Dodge: Dodged            |    39 |    54 |    49 ||   142
Block: Buckler           |    16 |    27 |    15 ||    58
